 Dungeon Crawl Stone Soup version 0.29.1-15-g9cfb28693d (webtiles) character file.

Game seed: 14081207720192714638

1601 cdecastro the Grappler (level 8, -4/74 HPs)
             Began as a Ghoul Fighter on Mar 25, 2023.
             Was an Initiate of Ru.
             Slain by an orc warrior
             ... wielding a +0 glaive
              (15 damage)
             ... in a bailey.
             The game lasted 00:07:46 (6329 turns).

cdecastro the Grappler (Ghoul Fighter)              Turns: 6329, Time: 00:07:47

Health: -4/74      AC:  6    Str: 22    XL:     8   Next: 94%
Magic:  7/7        EV:  9    Int:  3    God:    Ru [......]
Gold:   249        SH:  0    Dex:  8    Spells: 7/7 levels left

rFire   . . .      SeeInvis .     - Unarmed
rCold   + . .      Faith    .   (no shield)
rNeg    + + +      Spirit   .   a - +0 scale mail
rPois   ∞          Reflect  .   (no helmet)
rElec   .          Harm     .   (no cloak)
rCorr   .          Rampage  .   (no gloves)
Will    .....                   (no boots)
Stlth   ..........              (no amulet)
HPRegen 0.00/turn               (no ring)
MPRegen 0.10/turn               (no ring)

@: mighty, inhibited regen
A: claws 1, cold resistance 1, negative energy resistance 3, inhibited
regeneration, torment resistance 2, devour on kill
a: Renounce Religion


You were in a bailey.
You worshipped Ru.
Ru was noncommittal.
You visited 2 branches of the dungeon, and saw 8 of its levels.
You also visited: Bailey.

You collected 249 gold pieces.

Inventory:

Missiles
 e - 35 stones (quivered)
Armour
 a - a +0 scale mail (worn)
 b - a +0 buckler
 z - a +2 pair of gloves
Jewellery
 m - a ring of wizardry
 t - a ring of resist corrosion
 v - an amulet of reflection
 y - an amulet of the acrobat
Scrolls
 d - 6 scrolls of identify {unknown}
 g - 2 scrolls of blinking {unknown}
 j - a scroll of teleportation {unknown}
 k - a scroll of summoning {unknown}
 l - a scroll of poison {unknown}
 n - 5 scrolls of noise {unknown}
 s - a scroll of enchant weapon {unknown}
 u - a scroll of fear {unknown}
 w - 2 scrolls of magic mapping {unknown}
 x - a scroll of fog {unknown}
Potions
 f - 2 potions of flight {unknown}
 h - a potion of mutation {unknown}
 i - 3 potions of resistance {unknown}
 o - a potion of berserk rage {unknown}
 p - a potion of brilliance {unknown}
 q - a potion of heal wounds {unknown}
 r - 3 potions of curing {unknown}


   Skills:
 + Level 7.8 Fighting
 - Level 2.6 Armour
 - Level 2.6 Shields
 - Level 10.0 Unarmed Combat


You had 7 spell levels left.
You didn't know any spells.
Your spell library contained the following spells:

 Spells                   Type           Power      Damage    Failure   Level
 Anguish                  Hex/Necr       0%         N/A       100%        4
 Enfeeble                 Hex            0%         N/A       100%        7


Dungeon Overview and Level Annotations

Branches:
Dungeon (7/15)             Temple (1/1) D:5          Bailey (1/1)

Altars:
Ashenzari
Cheibriados
Dithmenos
Hepliaklqana
Kikubaaqudgha
Makhleb
Ru
Sif Muna
Trog
Uskayaw
Vehumet
Wu Jian
Xom
Yredelemnul

Shops:
D:5 [

Annotations:
D:4 bear
D:5 3 runed translucent doors, Cheops's ghost, novice MfGl; THTSBRD's ghost, novice FoHu; UCchamp's ghost, amateur FeDe; venomsnake's ghost, amateur MiFi
D:6 Sigmund


Innate Abilities, Weirdness & Mutations

You are immune to poison.
You have sharp fingernails.
Your flesh is cold resistant. (rC+)
You are immune to negative energy. (rN+++)
You do not regenerate when monsters are visible.
You are immune to unholy pain and torment.
You thrive by killing the living.


Message History

You see here a +0 spear.
The goblin hits you but does no damage.
You claw the goblin!
You kill the goblin!
You feel better.
The orc wizard is engulfed in a cloud of scalding steam.
You enter the shallow water.
Moving in this stuff is going to be slow.
Found a flagged portal.
There is a flagged portal here.
You hear the faint creaking of a portcullis.
The world spins around you as you enter the gateway.
You enter a bailey!
The orc warrior shouts!
The orc shouts!
You hear a shout! x2
Found a gate leading back out of this place.
There is an empty arch of ancient stone here.
Unknown command.
There are monsters nearby!
An orc comes into view. It is wielding a +0 spear.
An orc warrior comes into view. It is wielding a +0 halberd.
Okay, then.
Unknown command.
An orc comes into view. It is wielding a +0 spear.
You scratch the orc warrior but do no damage.
The orc hits you but does no damage.
The orc warrior hits you with a +0 glaive!
* * * LOW HITPOINT WARNING * * *
You completely miss the orc warrior. Your claw misses the orc warrior.
The orc warrior barely misses you.
You feel very mighty all of a sudden.
An orc comes into view. It is wielding a +0 spear.
The orc warrior hits you with a +0 glaive!!
* * * LOW HITPOINT WARNING * * *
Unknown command.
The orc shouts!
You scratch the orc warrior but do no damage.
Unknown command.
You barely miss the orc warrior.
The orc warrior hits you with a +0 glaive!
You die...

####
#@∩#
##o.#
o## oo
...
~~~~
~....
~.####


You could see 2 orc warriors and 2 orcs.

Vanquished Creatures
  2 hornets
  Eustachio (D:6)
  A steam dragon (D:6)
  A sky beast (D:7)
  An ice beast (D:5)
  2 ogres
  2 scorpions
  A jelly (D:5)
  2 hounds (D:5)
  2 orc priests
  2 iguanas
  3 orc wizards
  4 gnolls (D:2)
  6 adders
  An ufetubus (D:5)
  A dart slug (D:4)
  14 orcs
  5 bats
  7 endoplasms
  5 giant cockroaches
  8 goblins
  7 hobgoblins
  4 kobolds (D:1)
  4 quokkas
  8 ball pythons
  3 frilled lizards
  8 rats
105 creatures vanquished.

Vanquished Creatures (others)
  2 withered plants (D:5)
2 creatures vanquished.

Grand Total: 107 creatures vanquished

Notes
Turn   | Place    | Note
-------+----------+-------------------------------------------
     0 | D:1      | cdecastro the Ghoul Fighter began the quest for the Orb.
     0 | D:1      | Reached XP level 1. HP: 19/19 MP: 0/0
   157 | D:1      | Reached skill level 3 in Unarmed Combat
   157 | D:1      | Reached XP level 2. HP: 25/26 MP: 1/1
   582 | D:1      | Reached XP level 3. HP: 30/31 MP: 2/2
   758 | D:2      | Reached skill level 4 in Unarmed Combat
   775 | D:2      | Reached XP level 4. HP: 10/38 MP: 3/3
  1084 | D:2      | Reached skill level 5 in Unarmed Combat
  1304 | D:2      | Found a faded altar of an unknown god.
  2624 | D:3      | Reached XP level 5. HP: 45/45 MP: 4/4
  2977 | D:4      | Reached skill level 6 in Unarmed Combat
  3145 | D:4      | Noticed a black bear
  3397 | D:4      | Reached XP level 6. HP: 44/51 MP: 5/5
  3552 | D:5      | Entered Level 5 of the Dungeon
  3568 | D:5      | Reached skill level 7 in Unarmed Combat
  3577 | D:5      | Noticed an ice beast
  3593 | D:5      | Killed an ice beast
  3594 | D:5      | Reached skill level 8 in Unarmed Combat
  3594 | D:5      | Reached XP level 7. HP: 7/57 MP: 6/6
  3983 | D:5      | Noticed a hornet
  4003 | D:5      | Killed a hornet
  4004 | D:5      | Reached skill level 9 in Unarmed Combat
  4303 | D:5      | Found a hazy altar of Hepliaklqana.
  4512 | D:5      | Found a runed translucent gate.
  4512 | D:5      | Found a runed translucent gate.
  4512 | D:5      | Found a runed translucent gate.
  4512 | D:5      | Noticed venomsnake's ghost (amateur MiFi)
  4513 | D:5      | Noticed THTSBRD's ghost (novice FoHu)
  4513 | D:5      | Noticed Cheops's ghost (novice MfGl)
  4513 | D:5      | Noticed UCchamp's ghost (amateur FeDe)
  4625 | D:5      | Found Gitumuj's Antique Armour Emporium.
  4877 | D:5      | Found a staircase to the Ecumenical Temple.
  5065 | D:6      | Noticed Eustachio
  5097 | D:5      | Reached XP level 8. HP: 15/63 MP: 7/7
  5134 | Temple   | Entered the Ecumenical Temple
  5452 | Temple   | Became a worshipper of Ru the Awakened
  5537 | D:6      | Reached skill level 10 in Unarmed Combat
  5637 | D:6      | Killed Eustachio
  5700 | D:6      | Noticed Sigmund
  5777 | D:6      | Reached skill level 5 in Fighting
  6252 | D:7      | Noticed a hornet
  6265 | D:7      | Killed a hornet
  6313 | D:7      | Found a flagged portal.
  6318 | Bailey   | Entered a bailey
  6329 | Bailey   | Slain by an orc warrior

Illustrated notes

Levels and vault maps discovered:
D:1:      lightli_iron_boxes, layout_basic
D:2:      layout_loops_ring, ebering_ecumenical_altar_webs, basic_altar
D:3:      layout_basic, minmay_misc_feat_x
D:4:      layout_cave_pools, zin_treasury, roderic_roman_lattice, uniq_edmund
D:5:      layout_basic, general_overflow_altar, lemuel_temple_firewalk_a,
          serial_shops, nicolae_shop_behind_doors, gammafunk_ghost_cemetery
D:6:      layout_gridville, grunt_gozag_breadcrumbs, minivault_14, minivault_25,
          minmay_between, uniq_eustachio, uniq_sigmund
D:7:      layout_rooms, okawaru_humans, gammafunk_ghost_nasty_kobolds,
          enter_bailey_3, uniq_duvessa
Temple:   nicolae_temple_superstar
Bailey:   bailey_polearm_1, bailey

Skill      XL: |  1  2  3  4  5  6  7  8 |
---------------+-------------------------+-----
Unarmed Combat | 3 4 5 6 8 9 10 | 10.0
Fighting       | 7 |  7.8
Armour         | |  2.6
Shields        | |  2.6

Action                   |  1- 3 |  4- 6 |  7- 9 || total
-------------------------+-------+-------+-------++-------
Melee: Unarmed           |    94 |   167 |   111 ||   372
       Punch             |     1 |     5 |     6 ||    12
  Use: Potion            |       |       |     1 ||     1
Armor: Scale mail        |    59 |    76 |    46 ||   181
Dodge: Dodged            |    49 |    55 |    46 ||   150
